 Dungeon Crawl Stone Soup version 0.32-a0-519-g08f29ac1c3 (webtiles) character file.

Game seed: 8978043200623304273

72538 seren the Slicer (level 15, -8/118 HPs)
             Began as a Coglin Artificer on Feb 27, 2024.
             Was an Initiate of Gozag.
             Mangled by a spriggan rider
             ... wielding a +0 spear
              (17 damage)
             ... on level 1 of the Swamp.
             The game lasted 01:29:43 (27741 turns).

seren the Slicer (Coglin Artificer)                Turns: 27741, Time: 01:29:44

Health: -8/118     AC: 18    Str: 13    XL:     15   Next: 40%
Magic:  0/24       EV: 19    Int: 12    God:    Gozag
Gold:   2195       SH:  0    Dex: 26    Spells: 14/14 levels left

rFire   + . .        F - +9 sword of Zonguldrok {reap}
rCold   + . .        e - +8 dagger of the Genius {vamp, SInv}
rNeg    . . .        b - +2 ring mail of Least Resistance {Will+ MP+9 Dex+3}
rPois   +            z - +0 helmet
rElec   .            B - +0 cloak
rCorr   .            R - +2 pair of gloves {hurl}
SInv    +            Q - +1 pair of boots
Will    ++...        n - amulet of Myno Iso {Spirit Rampage rPois Dex+3}
Stlth   ++           (ring unavailable)
HPRegen 0.39/turn    (ring unavailable)
MPRegen 0.19/turn

%: guardian spirit, rampage
@: studying Long Blades, revving, very slow
A: cold resistance 1, fire resistance 1, off-hand wielding, slow wielding,
warmup strikes, no rings
a: Renounce Religion, Potion Petition, Call Merchant, Bribe Branch


You were on level 1 of the Swamp.
You worshipped Gozag.
Gozag was most pleased with you.
You visited 5 branches of the dungeon, and saw 21 of its levels.
You also visited: Sewer.

You collected 6226 gold pieces.
You spent 3862 gold pieces at shops.
You paid 169 gold pieces to Gozag.

Inventory:

Hand Weapons
 e - the +8 dagger of the Genius (offhand) {vamp, SInv}
   (You took it off a gnoll on level 9 of the Dungeon)

   SInv:      It lets you see invisible.
 l - a +2 long sword of electrocution {Tejnoor}
 F - the +9 sword of Zonguldrok (weapon) {reap}
   (You bought it in a shop on level 2 of the Orcish Mines)
 P - a +2 antimagic short sword {Latda}
Missiles
 o - 14 javelins
 D - 6 curare-tipped darts
 J - 4 throwing nets (quivered) {!f}
 L - 30 poisoned darts
Armour
 b - the +2 ring mail of Least Resistance (worn) {Will+ MP+9 Dex+3}
   (You bought it in a shop on level 7 of the Dungeon)

   Dex+3:     It affects your dexterity (+3).
   Will+:     It increases your willpower.
   MP+9:      It affects your magic capacity (+9).
 z - a +0 helmet (worn)
 B - a +0 cloak (worn)
 Q - a +1 pair of boots (worn)
 R - a +2 pair of gloves of hurling (worn)
Jewellery
 n - the amulet of Myno Iso (around neck) {Spirit Rampage rPois Dex+3}
   (You acquired it on level 5 of the Dungeon)

   [amulet of guardian spirit]

   Spirit:    It causes incoming damage to be divided between your reserves of
   health and magic.
   Dex+3:     It affects your dexterity (+3).
   rPois:     It protects you from poison Rampage: It bestows one free step when
   moving towards enemies.
Wands
 c - a wand of flame (13)
 d - a wand of charming (8)
 j - a wand of mindburst (2)
 r - a wand of roots (6)
 u - a wand of digging (1)
Scrolls
 a - 4 scrolls of enchant armour
 f - 2 scrolls of poison
 g - 4 scrolls of teleportation {!r}
 p - a scroll of enchant weapon
 s - 5 scrolls of revelation
 x - a scroll of torment
 y - 2 scrolls of vulnerability
 A - a scroll of immolation
 K - 2 scrolls of fog
 M - a scroll of silence
Potions
 h - 9 potions of lignification
 i - 2 potions of brilliance
 t - a potion of mutation {!q}
 v - a potion of resistance
 w - a potion of ambrosia
 C - 2 potions of magic
 E - a potion of enlightenment
 I - 2 potions of attraction
 N - a potion of haste
 O - 5 potions of curing


   Skills:
 + Level 11.1 Fighting
 + Level 12.9(13.7) Short Blades
 + Level 8.2(12.1) Long Blades
 + Level 10.2 Armour
 + Level 10.2 Dodging
 - Level 7.0 Stealth
 + Level 11.9 Evocations


You had 14 spell levels left.
You didn't know any spells.
Your spell library contained the following spells:

 Spells                   Type           Power      Damage    Failure   Level
 Foxfire                  Conj/Fire      0%         2x1d4     52%         1
 Freeze                   Ice            0%         1d3       52%         1
 Kiss of Death            Conj/Necr      0%         2d5       52%         1
 Magic Dart               Conj           0%         1d3       52%         1
 Shock                    Conj/Air       0%         1d3       52%         1
 Cigotuvi's Dreadful Rot  Necr/Alch/Air  0%         N/A       65%         2
 Lesser Beckoning         Tloc           0%         N/A       65%         2
 Searing Ray              Conj           0%         2d4       65%         2
 Static Discharge         Conj/Air       0%         3-3/arc   65%         2
 Confusing Touch          Hex            0%         N/A       87%         3
 Frozen Ramparts          Ice            0%         1d1       87%         3
 Gell's Gravitas          Tloc           0%         N/A       87%         3
 Hailstorm                Conj/Ice       0%         3d5       87%         3
 Swiftness                Air            0%         N/A       87%         3
 Teleport Other           Tloc           0%         N/A       87%         3
 Airstrike                Air            0%         2d(0-16)  99%         4
 Dispel Undead            Necr           0%         3d6       99%         4
 Fulminant Prism          Conj/Alch      0%         3d5       99%         4
 Ignite Poison            Fire/Alch      0%         N/A       99%         4
 Summon Blazeheart Golem  Fire/Summ      0%         N/A       99%         4
 Summon Lightning Spire   Summ/Air       0%         N/A       99%         4
 Borgnjor's Vile Clutch   Necr/Erth      0%         N/A       100%        5
 Freezing Cloud           Conj/Ice/Air   0%         6-21      100%        5
 Death Channel            Necr           0%         N/A       100%        6
 Starburst                Conj/Fire      0%         6d3       100%        6
 Animate Dead             Necr           Unusable   N/A       N/A         4

Dungeon Overview and Level Annotations

Branches:
Dungeon (12/15)            Temple (1/1) D:7            Lair (5/5) D:9
  Swamp (1/4) Lair:2       Spider (0/4) Lair:3        Slime (0/5) Lair:4
    Orc (2/2) D:12            Elf (0/3) Orc:2         Sewer (visited)

Altars:
Ashenzari
Cheibriados
Dithmenos
Elyvilon
Fedhas
Gozag
Hepliaklqana
Kikubaaqudgha
Makhleb
Nemelex Xobeh
Okawaru
Qazlal
Ru
Sif Muna
Trog
Uskayaw
Vehumet
Wu Jian
Xom
Yredelemnul
Zin
The Shining One
Beogh
Jiyva

Shops:
D:7 =!=[   D:12 [(   Orc:2 ?(:(

Portals:
Trove: D:11 (give 4 scrolls of fog)

Annotations:
D:8 5 transporters
Lair:1 exclusions: 3 death yaks and 2 downstairs


Innate Abilities, Weirdness & Mutations

Your flesh is cold resistant. (rC+)
Your flesh is heat resistant. (rF+)
You can wield a second weapon in your off-hand.
It takes a long time for you to wield or remove held weapons.
Your first few attacks do less damage.
Your grasper-arms cannot wear rings.


Message History

Your butterfly dies!
Your butterfly disappears in a burst of colours!
The alligator tail-slaps your butterfly!
Your butterfly dies!
Your butterfly disappears in a burst of colours!
The spriggan rider hits you from afar with a +0 spear!!
* * * LOW HITPOINT WARNING * * *
The spriggan druid hits your butterfly with a +0 quarterstaff!
Your butterfly dies!
Your butterfly disappears in a burst of colours!
You feel better.
A tree reaches out and hits your butterfly!!
Your butterfly dies!
Your butterfly disappears in a burst of colours!
Your butterfly is hit by a branch!!
Your butterfly dies!
Your butterfly disappears in a burst of colours!
A root smacks your butterfly from below!!
Your butterfly dies!
Your butterfly disappears in a burst of colours!
You are hit by a branch!
* * * LOW HITPOINT WARNING * * *
Your butterfly is waved at by a branch.
The spriggan rider barely misses you. The bog body misses you.
You enter the shallow water.
Moving in this stuff is going to be slow.
Your butterfly is hit by a branch!!
Your butterfly dies!
Your butterfly disappears in a burst of colours!
A tree reaches out and hits your butterfly!
Your butterfly dies!
Your butterfly disappears in a burst of colours!
A tree reaches out but misses your butterfly.
The spriggan rider is no longer distracted by gold.
The alligator tail-slaps you but does no damage.
The alligator completely misses you.
The goliath frog hits you but does no damage.
The spriggan rider hits you from afar with a +0 spear!!
You die...
Your body crumbles into a pile of gold.

....♣ ~~...~♣.~~.~~. (.~..♣
♣.........§~.♣
§~~~~.~~~♣~~b..w.~~.~♣ ..
♣.~~~§..~.♣.~~..~~~~~.♣♣♣♣.~
....~~..~.....~~~~~~§....♣..
§.~~~)D~♣♣...~~~~~.~♣♣§.^.♣
~>....~ ♣♣.§ib$D~.♣♣♣♣~~~♣♣♣
.~♣...♣ ♣.~bb~~bb♣♣♣.~~..~♣
.♣♣♣D.♣ ♣♣.~~b@n.♣♣..~~..~♣ ♣♣
♣§.. ♣♣.~b~l~..~.~~~<...♣
♣♣♣♣♣..♣♣♣~~~~Fi~♣♣♣♣.~~~~.♣♣
♣~.....~♣♣.....♣♣♣♣♣.~~~)~.♣♣♣
♣~..~~~~~.i...♣♣ ♣♣...§~~~...♣♣
~ ...~~~~~~.i..♣♣
♣♣..♣~.~~...~~♣~~
.~~~~~~~~~k....♣♣.~♣♣~.~.~~~~..♣
...~~~~~§~~~~.♣♣♣♣~~~..~♣♣~~.~♣♣
~~..~~~~~~~~>♣♣ ♣♣~~.~♣♣♣♣...♣♣♣


You could see a seven-headed hydra (ally target), an alligator (strong, ally
target), 2 spriggan riders, a spriggan druid, a goliath frog, a bog body (ally
target), a swamp worm (unaware), a swamp drake and a spriggan.

Vanquished Creatures
  Jorgrun (Orc:1)
  An orc warlord (Orc:1)
  Nessos (Lair:4)
  An eleionoma (Lair:2)
  A fire dragon (Lair:5)
  Fannar (D:12)
  Erolcha (D:11)
  A shambling mangrove (Swamp:1)
  7 hydras
  4 ogre magi (Orc:2)
  2 catoblepae
  3 boulder beetles
  5 two-headed ogres
  6 death yaks
  An orc high priest (D:12)
  Urug (Lair:3)
  2 spriggans (Swamp:1)
  A fire crab (Lair:4)
  2 skysharks
  A spriggan druid (Swamp:1)
  An orc knight (Orc:2)
  A lindwurm (Lair:5)
  Pikel (D:6)
  11 orc sorcerers
  A manticore (D:11)
  A cyclops (D:11)
  2 kobold blastminers (Orc:1)
  8 elephants (Lair:3)
  12 black mambas
  A torpor snail (Lair:2)
  2 molten gargoyles (Lair:5)
  An unseen horror (D:12)
  Maggie (D:8)
  10 cane toads
  13 komodo dragons
  A kobold demonologist (D:10)
  3 rime drakes
  Jeremiah (D:8)
  A polar bear (Lair:2)
  A merfolk (D:9)
  6 trolls
  A tyrant leech (Swamp:1)
  Prince Ribbit (D:8)
  A tarantella (Lair:3)
  4 hornets
  17 blink frogs
  A slime creature (Lair:4)
  2 wraiths (D:12)
  A shadow (D:12)
  Sigmund (D:3)
  7 wyverns
  22 yaks
  Grum (D:10)
  7 basilisks
  A redback (Lair:3)
  A warg (Orc:1)
  2 steam dragons
  Menkaure (D:5)
  2 acid dragons
  5 hell hounds (Lair:5)
  11 water moccasins
  3 sky beasts
  18 orc warriors
  2 ice beasts
  3 black bears
  9 ogres
  12 wolves
  9 centaurs
  7 kobold brigands
  9 bullfrogs
  5 gnoll sergeants
  4 scorpions
  9 wights
  3 killer bees (D:9)
  6 jellies
  A howler monkey (D:5)
  An electric eel (D:12)
  5 lava snakes (Lair:5)
  3 hounds (D:5)
  13 orc priests
  A gnoll bouda (D:6)
  Jessica (D:3)
  A sleepcap (D:5)
  6 iguanas
  36 orc wizards
  9 adders
  36 gnolls
  3 river rats
  2 shadow imps
  2 white imps
  10 ufetubi
  2 ribbon worms (Sewer)
  63 orcs
  23 endoplasms
  7 giant cockroaches
  10 goblins
  7 hobgoblins
  12 jackals
  27 kobolds
  5 quokkas
  11 ball pythons
  8 bats
  7 frilled lizards
  11 rats
  A butterfly (Lair:4)
634 creatures vanquished.

Vanquished Creatures (collateral kills)
  An orc (D:11)
1 creature vanquished.

Vanquished Creatures (others)
  An orc warrior (D:11)
  An ice beast (D:5)
  An orc wizard (Orc:2)
  An adder (D:5)
4 creatures vanquished.

Grand Total: 639 creatures vanquished

Notes
Turn   | Place    | Note
-------+----------+-------------------------------------------
     0 | D:1      | seren the Coglin Artificer began the quest for the Orb.
     0 | D:1      | Reached XP level 1. HP: 15/15 MP: 1/1
   106 | D:1      | Reached skill level 1 in Dodging
   152 | D:1      | Reached skill level 1 in Stealth
   155 | D:1      | Reached XP level 2. HP: 21/21 MP: 2/2
   611 | D:1      | Reached XP level 3. HP: 24/26 MP: 3/3
  1451 | D:2      | Reached skill level 1 in Short Blades
  1550 | D:2      | Reached XP level 4. HP: 28/32 MP: 4/4
  1997 | D:3      | Reached XP level 5. HP: 33/38 MP: 5/5
  2145 | D:3      | Noticed Sigmund
  2148 | D:3      | Killed Sigmund
  2149 | D:3      | Reached skill level 2 in Short Blades
  2149 | D:3      | Reached skill level 5 in Evocations
  2149 | D:3      | Reached XP level 6. HP: 34/46 MP: 6/6
  2732 | D:3      | Noticed Jessica
  2744 | D:3      | Killed Jessica
  2879 | D:4      | Noticed a black bear
  3034 | D:4      | Found a glowing drain.
  3044 | Sewer    | Entered a sewer
  3065 | Sewer    | Reached skill level 3 in Short Blades
  3071 | Sewer    | Reached XP level 7. HP: 30/51 MP: 7/7
  3777 | D:4      | Found a hide-covered altar of Uskayaw.
  4435 | D:5      | Entered Level 5 of the Dungeon
  4571 | D:5      | Identified a scroll of acquirement
  4578 | D:5      | Acquired the amulet of Myno Iso {Spirit Rampage rPois
                  | Dex+3}
  4677 | D:5      | Reached skill level 4 in Short Blades
  4677 | D:5      | Reached XP level 8. HP: 37/58 MP: 5/8
  4819 | D:5      | Found a shimmering blue altar of Sif Muna.
  4820 | D:5      | Found a basalt altar of Yredelemnul.
  4821 | D:5      | Found a broken altar of Ashenzari.
  5139 | D:5      | Identified the +2 robe of Hopscotch {rPois rCorr}
  5244 | D:5      | Noticed Menkaure
  5257 | D:5      | Killed Menkaure
  5705 | D:5      | Reached skill level 5 in Short Blades
  6148 | D:5      | Reached XP level 9. HP: 51/66 MP: 9/9
  6543 | D:6      | Noticed Pikel
  6727 | D:6      | Identified the +7 quarterstaff of Aluarum {heavy, Str+7}
  7109 | D:6      | Reached skill level 6 in Short Blades
  7174 | D:6      | Reached skill level 5 in Fighting
  7219 | D:6      | Killed Pikel
  7220 | D:6      | Reached skill level 5 in Armour
  7815 | D:7      | Reached skill level 5 in Dodging
  7909 | D:7      | Found Ares's Distillery.
  7917 | D:7      | Bought a potion of might for 60 gold pieces
  7939 | D:7      | Found a staircase to the Ecumenical Temple.
  7952 | Temple   | Entered the Ecumenical Temple
  7961 | Temple   | Became a worshipper of Gozag Ym Sagoz the Greedy
  7989 | Temple   | Reached skill level 7 in Short Blades
  8117 | D:7      | Found Mul Zyz's Antique Armour Shoppe.
  8241 | D:7      | Found Resull's Jewellery Shop.
  8312 | D:7      | Reached XP level 10. HP: 64/76 MP: 8/10
  8757 | D:7      | Found Yllaonaa's Jewellery Shop.
  9318 | D:7      | Found a sparkling altar of Nemelex Xobeh.
  9574 | D:8      | Found a transporter.
  9577 | D:8      | Noticed a cyclops
  9577 | D:8      | Noticed a rakshasa
  9577 | D:8      | Noticed Prince Ribbit
  9578 | D:8      | Noticed a centaur warrior
  9592 | D:8      | Killed Prince Ribbit
  9908 | D:8      | Noticed Maggie
 10018 | D:8      | Killed Maggie
 10235 | D:8      | Got the Writings on Pyromancy
 10311 | D:8      | Found a transporter.
 10311 | D:8      | Identified the +8 orcbow of Ru's Felicitations {drain,
                  | rElec rF+}
 10312 | D:8      | Noticed Jeremiah
 10407 | D:8      | Found a transporter.
 10408 | D:8      | Found a transporter.
 10412 | D:8      | Found a transporter.
 10586 | D:9      | Found a staircase to the Lair.
 10588 | D:9      | Noticed a two-headed ogre
 10602 | D:9      | Killed a two-headed ogre
 10603 | D:9      | Reached skill level 8 in Short Blades
 10758 | D:9      | Noticed a two-headed ogre
 10805 | D:8      | Killed Jeremiah
 11003 | D:8      | Killed a two-headed ogre
 11004 | D:8      | Reached XP level 11. HP: 36/84 MP: 3/11
 11295 | D:9      | Found an ornate altar of the Wu Jian Council.
 12158 | D:9      | Identified the +8 dagger of the Genius {vamp, SInv}
 12189 | D:9      | Found a white marble altar of Elyvilon.
 12368 | D:10     | Entered Level 10 of the Dungeon
 12497 | D:7      | Bought a pair of embroidered boots for 202 gold pieces
 12497 | D:7      | Bought a pair of runed gloves for 202 gold pieces
 12516 | D:7      | Bought a crude ring mail for 243 gold pieces
 12516 | D:7      | Identified the +2 ring mail of Least Resistance {Will+ MP+9
                  | Dex+3} (You bought it in a shop on level 7 of the Dungeon)
 12626 | D:7      | Bought 2 potions of curing for 90 gold pieces
 12626 | D:7      | Bought a potion of curing for 45 gold pieces
 12626 | D:7      | Bought a potion of lignification for 45 gold pieces
 12725 | D:10     | Noticed Grum
 12752 | D:10     | Killed Grum
 13189 | D:10     | You fall into a shaft and drop 2 floors!
 13194 | D:12     | Found a staircase to the Orcish Mines.
 13194 | D:12     | Found Ufuul's Armour Boutique.
 13198 | D:12     | Noticed a boulder beetle
 13275 | Lair:1   | Entered Level 1 of the Lair of Beasts
 13541 | Lair:1   | Reached skill level 1 in Long Blades
 14005 | Lair:1   | Noticed a death yak
 14005 | Lair:1   | Noticed a death yak
 14081 | Lair:1   | Reached skill level 9 in Short Blades
 14217 | Lair:1   | Noticed a death yak
 14600 | Lair:2   | Noticed a catoblepas
 14600 | Lair:2   | Noticed an eight-headed hydra
 14642 | Lair:2   | Noticed a skyshark
 14796 | Lair:2   | Killed a skyshark
 15047 | Lair:2   | Reached XP level 12. HP: 71/92 MP: 12/12
 15314 | Lair:2   | Found a staircase to the Swamp.
 15314 | Lair:2   | Noticed an eleionoma
 16211 | Lair:2   | Noticed a skyshark
 16380 | Lair:2   | Killed an eight-headed hydra
 16760 | Lair:3   | Reached skill level 10 in Evocations
 16959 | Lair:3   | Noticed a four-headed hydra
 16966 | Lair:3   | Killed a four-headed hydra
 17057 | Lair:3   | Reached skill level 5 in Stealth
 17100 | Lair:3   | Reached skill level 10 in Short Blades
 17343 | Lair:3   | Noticed an eight-headed hydra
 17355 | Lair:3   | Killed an eight-headed hydra
 17356 | Lair:3   | Gained mutation: Your flesh is cold resistant. (rC+)
                  | [Coglin growth]
 17356 | Lair:3   | Gained mutation: Your flesh is heat resistant. (rF+)
                  | [Coglin growth]
 17356 | Lair:3   | Reached XP level 13. HP: 101/101 MP: 13/13
 17457 | Lair:3   | Found a hole to the Spider Nest.
 17481 | Lair:3   | Noticed Urug
 17489 | Lair:3   | Killed Urug
 17572 | Lair:3   | Reached skill level 5 in Long Blades
 17578 | Lair:3   | Found a burning altar of Makhleb.
 18141 | Lair:4   | Noticed Nessos
 19054 | D:11     | Reached skill level 11 in Short Blades
 19216 | D:11     | Noticed Erolcha
 19235 | D:11     | Killed Erolcha
 19385 | D:11     | Found a portal to a secret trove of treasure.
 20058 | D:12     | Found Piumyv's Weapon Emporium.
 20532 | D:12     | Noticed Fannar
 20547 | D:12     | Killed Fannar
 20884 | Orc:1    | Entered Level 1 of the Orcish Mines
 21018 | Orc:1    | Noticed Jorgrun
 21294 | Orc:1    | Reached skill level 10 in Fighting
 21294 | Orc:1    | Reached XP level 14. HP: 98/110 MP: 6/14
 21331 | Orc:1    | Killed Jorgrun
 21699 | Orc:1    | Noticed an orc warlord
 22412 | Lair:4   | Found a viscous altar of Jiyva.
 22412 | Lair:4   | Found a staircase to the Slime Pits.
 22501 | Lair:4   | Killed Nessos
 23344 | Lair:5   | Entered Level 5 of the Lair of Beasts
 23880 | Lair:5   | Reached skill level 12 in Short Blades
 25391 | Lair:5   | Found a large runed translucent door.
 25392 | Lair:5   | Found a large runed translucent door.
 25502 | Lair:5   | Identified the ring "Fetiank" {rPois Str+3}
 25938 | Orc:1    | Killed an orc warlord
 25939 | Orc:1    | Reached XP level 15. HP: 114/117 MP: 15/15
 26189 | Orc:2    | Entered Level 2 of the Orcish Mines
 26636 | Orc:2    | Found a staircase to the Elven Halls.
 26712 | Orc:2    | Reached skill level 10 in Dodging
 26714 | Orc:2    | Reached skill level 10 in Armour
 26748 | Orc:2    | Found Vinanynost's Antique Weapon Shoppe.
 26804 | Orc:2    | Found an ancient bone altar of Kikubaaqudgha.
 26863 | Orc:2    | Bought the +9 sword of Zonguldrok {reap} for 1520 gold
                  | pieces
 26863 | Orc:2    | Found the +9 sword of Zonguldrok {reap}
 26877 | Orc:2    | Paralysed by an ogre mage for 2 turns
 26946 | Orc:2    | Found a radiant altar of Vehumet.
 26965 | Orc:2    | Found Kourol's Antique Weapon Emporium.
 27052 | Orc:2    | Found a roughly hewn altar of Beogh.
 27052 | Orc:2    | Found Saelaiwn's Magic Scroll Shoppe.
 27052 | Orc:2    | Found Laetefeu's Book Emporium.
 27091 | Orc:2    | Bought a scroll of fog for 60 gold pieces
 27091 | Orc:2    | Bought a scroll of teleportation for 45 gold pieces
 27091 | Orc:2    | Bought 2 scrolls of identify for 60 gold pieces
 27093 | Orc:2    | Bought a scroll of identify for 30 gold pieces
 27095 | Orc:2    | Bought a scroll of identify for 30 gold pieces
 27095 | Orc:2    | Bought a scroll of identify for 30 gold pieces
 27137 | Orc:2    | Bought a manual of Long Blades for 1200 gold pieces
 27452 | Swamp:1  | Entered Level 1 of the Swamp
 27741 | Swamp:1  | Mangled by a spriggan rider

Illustrated notes

Levels and vault maps discovered:
D:1:      kilobyte_arrival_exit_the_forest, layout_loops_cross,
          nicolae_hexahallways, minmay_surrounded
D:2:      layout_rooms
D:3:      layout_basic, hangedman_abyss_or_decor_stabs, amethyst_killhole,
          minmay_starry_boxes, uniq_jessica, uniq_sigmund
D:4:      layout_basic, mainiacjoe_overflow_small_starburst,
          portal_sewer_entry_e
D:5:      minmay_thinvault, layout_loops_ring,
          gammafunk_temple_overflow_forgotten, serial_glass, glass_columns_c,
          glass_columns_a, corexii_leaking_fountain,
          dreamdust_mushroom_princess, chequers_garden, uniq_menkaure
D:6:      layout_loops_corners, dk_noncrumbling_3, uniq_pikel
D:7:      layout_loops_ring, lemuel_coloured_pillars_altar,
          minmay_temple_entry_offerings, serial_shops,
          nicolae_shop_temple_entry_statues_fountains, nicolae_shop_trees, shop,
          nicolae_shop_rolling_square, amcnicky_mini_pool_small,
          dreamdust_wishing_well
D:8:      gammafunk_the_bubble [the_bubble_gammafunk_roulette], layout_basic,
          nicolae_concentric_dashed_squares_wild, uniq_jeremiah, uniq_maggie,
          uniq_prince_ribbit1
D:9:      layout_rooms, nicolae_wu_jian_immortal_techniques, dpeg_oklobed_lair,
          nicolae_zen_rock_garden, roadster_trireme
D:10:     layout_basic, uniq_grum
D:11:     layout_loops_ring, nicolae_trove_entry_isolated, uniq_erolcha
D:12:     layout_irregular_city, orc_david_3, serial_shops,
          nicolae_inconvenience_store, uniq_fannar
Temple:   nicolae_temple_superstar
Lair:1:   layout_long_grid, serial_bayou_shore_b
Lair:2:   layout_cave_pods, alex1729_swamp_entry_worm_eleionoma,
          cheibrodos_lair_caveside_slide, lemuel_fruit_tree, grunt_megastairs_5
Lair:3:   layout_misc_corridors, spider_nest_entry_rubble, lemuel_centaur_altar,
          infiniplex_staircase_pool_2, uniq_urug
Lair:4:   lemuel_slime, layout_small_grid, dpeg_slime_entry_enclosed,
          nzn_sisyphean_effort, lemuel_fruit_fields, uniq_nessos
Lair:5:   cheibrodos_lair_end_hotspot, layout_gridlike, serial_rivers,
          chequers_serial_rivers_micro_e, chequers_serial_rivers_large_b,
          chequers_serial_rivers_micro_c, chequers_serial_rivers_micro_d,
          chequers_serial_rivers_micro_a, grunt_forest_small_clearings
Swamp:1:  layout_basic_swamp, wheals_swamp_sinkhole, swamp_pool_1_2
Orc:1:    layout_caves, uniq_jorgrun
Orc:2:    kennysheep_orc_mage_school, layout_diamond_mine

Skill      XL: |  1  2  3  4  5  6  7  8  9 10 11 12 13 14 15 |
---------------+----------------------------------------------+-----
Dodging        | 1 2 3 4 5 6 7 8 9 10 | 10.2
Stealth        | 1 2 3 4 5 6 7 |  7.0
Armour         | 2 3 4 5 6 7 8 9 10 | 10.2
Short Blades   | 1 2 3 4 5 7 8 9 10 11 12 | 12.9
Fighting       | 2 3 4 5 7 8 9 10 11 | 11.1
Evocations     | 5 6 8 9 10 11 | 11.9
Long Blades    | 2 4 6 7 8 |  8.2

Action                     |  1- 3 |  4- 6 |  7- 9 | 10-12 | 13-15 || total
---------------------------+-------+-------+-------+-------+-------++-------
  Melee: Club              |    64 |       |       |       |       ||    64
         Dagger            |   121 |   133 |   550 |   713 |  1268 ||  2785
         Rapier            |       |   144 |   573 |   796 |   924 ||  2437
         Long sword        |       |       |       |    70 |   148 ||   218
         Falchion          |       |       |       |    16 |       ||    16
         Short sword       |       |       |       |       |   107 ||   107
         Double sword      |       |       |       |       |    86 ||    86
  Throw: Throwing net      |       |       |       |     6 |       ||     6
  Evoke: Wand              |       |     2 |    18 |    29 |    19 ||    68
    Use: Scroll            |     4 |     7 |     7 |     6 |    17 ||    41
         Potion            |       |     3 |     2 |     3 |     7 ||    15
   Stab: Sleeping          |     1 |       |     2 |     8 |    13 ||    24
         Invisible         |       |     3 |       |       |     7 ||    10
         Distracted        |       |       |       |     4 |    13 ||    17
         Held in net/web   |       |       |       |     7 |       ||     7
 Armour: Leather armour    |    30 |       |       |       |       ||    30
         Scale mail        |    58 |    81 |   288 |   150 |       ||   577
         Skin              |       |    33 |     4 |       |       ||    37
         Ring mail         |       |       |       |   185 |   563 ||   748
  Dodge: Dodged            |    62 |    47 |   221 |   343 |   638 ||  1311
         Repelled          |       |       |       |     1 |    16 ||    17

Table legend: (Time is in decaauts)
 A = Elapsed time spent in this place.
 B = Non-inter-level travel time spent in this place.
 C = Inter-level travel time spent in this place.
 D = Time resting spent in this place.
 E = Time spent auto-exploring this place.
 F = Levels seen in this place.
 G = Mean time per level.
                   A        B        C        D        E       F      G
               +--------+--------+--------+--------+--------+-----+--------+
         Total |  26569 |  24673 |   1896 |   5152 |  11843 |  22 | 1207.7 |
       Dungeon |  15075 |  14055 |   1020 |   3308 |   7052 |  12 | 1256.2 |
        Temple |     62 |     62 |      0 |     27 |      0 |   1 |   62.0 |
          Lair |   8897 |   8098 |    799 |   1504 |   3810 |   5 | 1779.4 |
         Swamp |    145 |    145 |      0 |      0 |     23 |   1 |  145.0 |
  Orcish Mines |   1894 |   1817 |     77 |    217 |    817 |   2 |  947.0 |
         Sewer |    492 |    492 |      0 |     96 |    140 |   1 |  492.0 |
               +--------+--------+--------+--------+--------+-----+--------+

Top non-repeatable levels by time:
  Lair:2: 2146 daAuts
  Lair:5: 2045 daAuts
     D:5: 1852 daAuts
  Lair:1: 1731 daAuts
    D:12: 1717 daAuts
     D:7: 1694 daAuts
     D:6: 1575 daAuts
  Lair:3: 1512 daAuts
  Lair:4: 1461 daAuts
     D:8: 1439 daAuts
     D:9: 1396 daAuts
     D:1: 1281 daAuts
     D:3: 1210 daAuts
   Orc:2: 1062 daAuts
    D:11: 902 daAuts
